Alyth, chaotic female elven Ranger ---------- ------- ------ ##-.`^.....| ##.......# |....| ----+---- ------ # |........| # |.....|# |.....####-.......| |....| ### |.........####+.....|# |.^..| |.....|.| |....| # -.-|------ ###|.>...|# |....| |.......|#####.....| ### # ^ # -------# |....| |.......|# |....| # # # # -.--+- ----.-- # --.--- -------### ### # # ## # ### ## |.....|# # # # ### # # |....<|# ### # # ### ### ### |.....|# @ # # ### # # # |......# -@---- # # # #################### ------- |%@2..|# # ###############-.-+---.------ |@@22.+# ### #-|---- |............| |.@.22| # #|.....| |(...........| |.@..2 23`############|.....| |............| |.... #......| |............| ----- |.....| ------------ ------- Alyth the Trailblazer Experience level: 9 Strength: 18 Dexterity: 15 Constitution: 16 Intelligence: 13 Wisdom: 14 Charisma: 9 Health: 0(67) Energy: 51(51) Def: 16 Gold: 451 Moves: 23185 Dungeon seed: uIjtkdrG0eiU4eB8 Game ID: Alyth_1522332495 Your Inventory: Coins $ - 451 gold pieces Weapons a - an uncursed +0 thirsty short sword of stealth b - an uncursed +1 elven bow (weapon in hand) N - the uncursed fireproof +0 Orcrist Q - 11 uncursed +0 arrows (in quiver) Armor e - an uncursed +0 dwarvish mithril-coat (being worn) n - a blessed +3 orcish helm (being worn) q - an uncursed +0 pair of leather gloves (being worn) S - an uncursed +1 pair of iron shoes (being worn) Comestibles l - an uncursed male lizard corpse T - an uncursed C-ration Scrolls i - an uncursed scroll of genocide Potions o - a blessed potion of full healing V - an uncursed potion of invisibility Rings j - an uncursed ring of fire immunity k - an uncursed ring of regeneration L - an uncursed ring of warning (on left hand) Wands f - an uncursed wand of magic missile (0:0) h - an uncursed wand of striking (0:5) v - an uncursed wand of opening (0:6) A - an uncursed wand of sleep (0:0) I - an uncursed wand of digging named probably empty (0:2) W - an uncursed wand of magic missile (0:0) Z - an uncursed wand of death (0:1) Tools g - an uncursed towel p - an uncursed lock pick w - an uncursed brass lantern (0:734) z - a blessed bag of holding Gems Y - an uncursed luckstone Contents of the bag of holding: 4037 gold pieces an uncursed amulet versus poison 2 blessed +0 arrows 40 uncursed +0 arrows 17 uncursed +0 elven arrows an uncursed +0 elven dagger 4 cursed +0 silver arrows an uncursed +0 orcish helm of drain resistance an uncursed C-ration 4 uncursed eggs 6 uncursed food rations 2 uncursed fortune cookies 4 uncursed lembas wafers an uncursed tin of female water nymph meat 2 uncursed tins of male tengu meat 3 uncursed tripe rations an uncursed scroll of amnesia 3 uncursed scrolls of blank paper an uncursed scroll of charging a blessed scroll of confuse monster an uncursed scroll of create monster an uncursed scroll of earth an uncursed scroll of enchant armor a blessed scroll of gold detection a blessed scroll of identify an uncursed scroll of identify an uncursed scroll of light 2 uncursed scrolls of magic mapping an uncursed scroll of punishment an uncursed scroll of remove curse an uncursed scroll of taming 2 uncursed scrolls of teleportation a cursed potion of enlightenment 2 uncursed potions of extra healing a cursed potion of extra healing 2 uncursed potions of fruit juice a cursed potion of gain ability an uncursed potion of gain energy a cursed potion of gain level 5 potions of holy water an uncursed potion of levitation an uncursed potion of monster detection a blessed potion of object detection 4 uncursed potions of object detection an uncursed potion of oil an uncursed potion of paralysis 2 uncursed potions of see invisible a blessed potion of speed an uncursed potion of water a cursed ring of hunger a cursed -2 ring of increase damage an uncursed ring of poison immunity an uncursed ring of polymorph a cursed -1 ring of protection an uncursed ring of see invisible a cursed ring of teleportation an uncursed wand of create monster (0:7) an uncursed wand of digging (0:6) an uncursed wand of enlightenment (0:12) an uncursed wand of light (0:13) an uncursed wand of light (0:13) an uncursed wand of light (0:11) an uncursed wand of nothing (0:5) an uncursed wand of probing (0:6) an uncursed wand of sleep (0:3) an uncursed wand of sleep (0:2) an uncursed wand of sleep (0:2) an uncursed wand of striking (0:0) an uncursed wand of teleportation (0:0) a cursed expensive camera (0:33) an uncursed mirror an uncursed +0 pick-axe an uncursed sack an uncursed stethoscope 7 uncursed tallow candles (0:200) an uncursed tinning kit (0:45) an uncursed jet stone an uncursed worthless piece of yellowish brown glass Spells and supernatural/magical abilities: Name Level Category Cost Memory W - pray for help -- divine ? -- Your skills at the end: Fighting Skills wands [Skilled] Weapon Skills dagger [Skilled] bow [Expert] Spellcasting Skills Final Attributes: You were cold resistant. You were sleep resistant. You were poison resistant. You saw invisible. You were warned. You had automatic searching. You had infravision. You were stealthy. You were protected. You were extremely lucky. You had extra luck. Bad luck did not time out for you. Good luck did not time out for you. You got a gift from your god 17744 turns ago. You are dead. Vanquished creatures: a golden naga a vampire 2 giant mimics a zruty an ice troll a doppelganger a couatl a giant zombie 3 small mimics an ettin mummy a quantum mechanic 2 trolls a pyrolisk 2 freezing spheres a flaming sphere a large cat 2 tigers a gargoyle 6 tengu a leocrotta a stone giant a human mummy a python 2 carnivorous apes a leather golem 9 soldiers a chameleon 3 crocodiles 4 giant beetles 3 quivering blobs a cockatrice a wolf 7 winter wolf cubs a lynx a panther 2 leprechauns an iron piercer a mumak 2 giant spiders 7 scorpions a horse 2 ice vortices a black light 3 vampire bats 19 forest centaurs 3 gnome kings an orc mummy a brown pudding 3 rust monsters 4 owlbears a yeti a gold golem 2 lizards 8 hunters 2 chickatrices a dingo 2 jaguars a blue jelly 2 ravens 7 plains centaurs 2 snakes 6 apes 10 human zombies a rope golem 8 soldier ants 3 fire ants 2 imps a quasit 6 wood nymphs a water nymph 4 mountain nymphs 16 Mordor orcs 2 Uruk-hai 14 orc shamans 3 rock piercers 2 rock moles 3 ponies 2 fog clouds 6 yellow lights 3 shriekers 14 gnome lords 2 gnomish wizards 3 kobold mummies 2 black naga hatchlings a golden naga hatchling a guardian naga hatchling 3 gray oozes 4 barrow wights 2 elf zombies 4 ghouls a straw golem a paper golem 2 giant ants a little dog 3 floating eyes a kitten 21 dwarves 3 kobold lords 2 kobold shamans 20 hill orcs 13 rothes 2 rabid rats 2 centipedes 2 giant bats a monkey 4 orc zombies 5 dwarf zombies a wererat 2 werejackals 11 iguanas 9 killer bees 3 acid blobs 8 coyotes 3 gas spores 10 hobbits 19 manes 3 large kobolds 10 hobgoblins 5 giant rats 18 cave spiders 3 brown molds a yellow mold 2 green molds 56 gnomes 2 garter snakes 6 gnome zombies 6 geckos 10 jackals 6 foxes 2 kobolds 7 goblins 8 sewer rats 31 grid bugs 9 lichens 9 newts 621 creatures vanquished. Voluntary challenges: You had been an atheist until turn 2055. You used a wielded weapon 546 times, starting on turn 22. You read items or engraved 1012 times, starting on turn 1. You never genocided any monsters. You never polymorphed an object. You changed form 2 times, starting on turn 15540. You used no wishes. You never split a pudding. You wrote Elbereth's name 939 times, starting on turn 1. You never violated your personal moral code. Dungeon overview: The Dungeons of Doom: levels 1 to 21 Level 1 a fountain a long staircase Level 2 a general store stairs to The Gnomish Mines Level 3 (nymph here) a general store, a fountain Level 4 some fountains, a vault Level 5 (swastika) an altar to Mars, a vault Level 6 a vault Level 7 (owlbear btw) an altar to Mars, a vault Level 8 (ants) many fountains Level 9 stairs to Sokoban Level 10 (Big Room) Level 11 Level 12 a general store, a fountain Level 13 a vault Level 14 some fountains, a vault portal to The Quest Level 15 (giants) Level 16 Level 17 Level 18 Level 19 (crazy bitch) a vault Level 20 <- You were here Level 21 The Gnomish Mines: levels 3 to 10 Level 3 stairs to The Dungeons of Doom Level 4 Level 5 Level 6 many shops, a temple to Mercury, some fountains, some trees Level 7 (sleep trap) Level 8 Level 9 (snowboot) Level 10 many altars to Mars and Moloch, some fountains The Quest: Level 1 many trees portal to The Dungeons of Doom Sokoban: levels 5 to 8 Level 5 Level 6 Level 7 (OMG BYEE) Solved Level 8 Solved stairs to The Dungeons of Doom History has recorded: On T:1 you entered the Dungeons of Doom to retrieve the Amulet of Yendor! On T:69 you reached level 2 of The Dungeons of Doom. On T:430 you reached level 3 of The Dungeons of Doom. On T:642 you reached level 1 of The Gnomish Mines. On T:646 you advanced to experience level 2. On T:816 you advanced to experience level 3. On T:973 you advanced to experience level 4. On T:1023 you reached level 2 of The Gnomish Mines. On T:1282 you reached level 3 of The Gnomish Mines. On T:1734 you reached level 4 of The Gnomish Mines. On T:2132 you reached level 5 of The Gnomish Mines. On T:2839 you reached level 6 of The Gnomish Mines. On T:3119 you reached level 7 of The Gnomish Mines. On T:3370 you advanced to experience level 5. On T:3416 you reached level 8 of The Gnomish Mines. On T:3737 you advanced to experience level 6. On T:3813 you advanced to experience level 7. On T:4578 you advanced to experience level 8. On T:5441 you received Orcrist from Mars. On T:6952 you reached level 4 of The Dungeons of Doom. On T:7059 you reached level 5 of The Dungeons of Doom. On T:7152 you reached level 6 of The Dungeons of Doom. On T:8189 you reached level 7 of The Dungeons of Doom. On T:8210 you reached level 8 of The Dungeons of Doom. On T:8219 you advanced to experience level 9. On T:9229 you reached level 9 of The Dungeons of Doom. On T:9467 you reached level 10 of The Dungeons of Doom. On T:9503 you reached level 4 of Sokoban. On T:10005 you reached level 3 of Sokoban. On T:11302 you reached level 2 of Sokoban. On T:11793 you reached level 1 of Sokoban. On T:17154 you reached level 11 of The Dungeons of Doom. On T:17370 you reached level 12 of The Dungeons of Doom. On T:18090 you reached level 13 of The Dungeons of Doom. On T:18152 you reached level 14 of The Dungeons of Doom. On T:18574 you reached level 15 of The Dungeons of Doom. On T:18705 you reached level 1 of The Quest. On T:21674 you reached level 16 of The Dungeons of Doom. On T:21741 you reached level 17 of The Dungeons of Doom. On T:21865 you reached level 18 of The Dungeons of Doom. On T:21954 you reached level 19 of The Dungeons of Doom. On T:22572 you reached level 20 of The Dungeons of Doom. On T:22726 you reached level 21 of The Dungeons of Doom. Score breakdown: Gold: 4488 (12423 points) Experience: 9 levels (15756 points) Exploration: 21 levels ( 43.75%) (19569 points) Discoveries: 41 items ( 13.90%) (11184 points) Valuables value: (no points given unless you survive) Artifact value: 2000 (11229 points) Variety of kills: 135 monsters ( 35.53%) (17881 points) Turncount: 23185 turns (-3620 points) Survival: died (score multiplied by 80%) Total score: 67537 Latest messages: The sergeant picks up several items from the floor. The captain picks up an uncursed +0 arrow from the floor. The sergeant throws a knife! The knife hits the soldier. The arrow hits the captain. The soldier picks up a knife from the floor. The captain hurls a potion called 133! The carafe crashes on your head and breaks into shards. Something seems to be holding you. It must be a potion of paralysis. The captain wields a silver saber! The captain swings her silver saber at you. The captain hits! The soldier picks up a few equipment from the floor. The captain swings her silver saber at you. The captain hits! The captain swings her silver saber at you. The captain hits! The captain swings her silver saber at you. The captain hits! The captain swings her silver saber at you. The captain hits! You die... The sack is empty. The sack is empty. For some reason, you think that you can almost hear the Wizard laugh manically... Final status: Goodbye Alyth the Ranger, killed by a captain, while frozen by potion vapours... You died in The Dungeons of Doom on dungeon level 20 with 67537 points, and 4488 pieces of gold, after 23185 moves. You were level 9 with a maximum of 67 hit points when you died.